 Dungeon Crawl Stone Soup version 0.29-a0-322-g68df515428 (webtiles) character file.

Game seed: 11936549063995672819

3528 rabbitsville the Quickloader (level 10, -2/90 HPs)
             Began as a Gargoyle Hunter on Apr 8, 2022.
             Was a Follower of the Shining One.
             Slain by a troll (10 damage)
             ... on level 9 of the Dungeon.
             The game lasted 00:19:53 (6427 turns).

rabbitsville the Quickloader (Gargoyle Hunter)      Turns: 6427, Time: 00:19:54

Health: -2/90      AC: 25    Str: 22    XL:     10   Next: 8%
Magic:  15/15      EV:  2    Int: 13    God:    the Shining One [*.....]
Gold:   551        SH:  0    Dex: 13    Spells: 9/9 levels left

rFire   . . .      SeeInvis .   b - +3 whip of the Shimmering Gods {spect, rC+ Str+3 Int+3}
rCold   + + .      Faith    .   (no shield)
rNeg    + . .      Spirit   .   (body armour currently unavailable)
rPois   ∞          Reflect  .   (helmet currently unavailable)
rElec   .          Harm     .   (cloak currently unavailable)
rCorr   .          Rampage  .   (gloves currently unavailable)
Will    .....      NoTele   +   (boots currently unavailable)
Stlth   +.........              (no amulet)
HPRegen 0.25/turn               B - ring of protection from cold
MPRegen 0.14/turn               (no ring)

@: tree-form, glowing
A: stationary, stasis, torment immunity, boosted hp, sickness immunity, AC +7,
negative energy resistance 1, (electricity resistance), torment resistance 1,
petrification resistance
a: Renounce Religion, Divine Shield


You were on level 9 of the Dungeon.
You worshipped the Shining One.
The Shining One was aware of your devotion.
You were a tree.
You visited 2 branches of the dungeon, and saw 10 of its levels.

You collected 551 gold pieces.

Inventory:

Hand Weapons
 a - a +1 hand crossbow
 b - the +3 whip of the Shimmering Gods (weapon) {spect, rC+ Str+3 Int+3}
   (You found it on level 2 of the Dungeon)

   When its wielder attacks, the weapon's spirit leaps out and strikes again.
   The spirit shares a part of any damage it takes with its wielder.
   Str:       It affects your strength (+3).
   Int:       It affects your intelligence (+3).
   rC:        It protects you from cold.
Armour
 d - a +0 leather armour
 w - the +4 plate armour of Daisies (melded) {rN++}
   (You found it on level 6 of the Dungeon)

   rN:        It greatly protects you from negative energy.
 A - a +0 pair of boots (melded)
Jewellery
 B - a ring of protection from cold (left branch)
 C - a ring of ice
Wands
 s - a wand of digging (5)
 y - a wand of iceblast (6)
Scrolls
 c - a scroll of immolation
 g - 3 scrolls of magic mapping
 h - 4 scrolls of teleportation {unknown}
 j - 8 scrolls of identify {unknown}
 l - 3 scrolls of silence {unknown}
 m - 3 scrolls of blinking
 n - a scroll of vulnerability {unknown}
 o - a scroll of enchant weapon {unknown}
 r - a scroll of acquirement {unknown}
 t - 2 scrolls of fog {unknown}
 u - a scroll of torment {unknown}
 v - a scroll of brand weapon {unknown}
 x - a scroll of amnesia {unknown}
 z - a scroll of fear {unknown}
Potions
 e - a potion of cancellation {unknown}
 f - 6 potions of curing
 i - a potion of lignification
 k - a potion of brilliance {unknown}
 p - a potion of invisibility {unknown}
 q - 2 potions of heal wounds {unknown}
 D - a potion of degeneration {unknown}


   Skills:
 + Level 5.6 Fighting
 - Level 11.3 Crossbows
 + Level 4.4 Armour
 - Level 1.5 Dodging
 - Level 1.1 Stealth
 + Level 7.3 Invocations


You had 9 spell levels left.
You didn't know any spells.
Your spell library contained the following spells:

 Spells                   Type           Power      Damage    Failure   Level
 Animate Skeleton         Necr           0%         N/A       30%         1
 Apportation              Tloc           0%         N/A       30%         1
 Shock                    Conj/Air       0%         1d3       30%         1
 Summon Small Mammal      Summ           0%         N/A       30%         1
 Swiftness                Air            0%         N/A       67%         3
 Airstrike                Air            0%         N/A       97%         4


Dungeon Overview and Level Annotations

Branches:
Dungeon (9/15)             Temple (1/1) D:5
   Lair: D:8-11         Orc: D:9-12

Altars:
Ashenzari
Cheibriados
Dithmenos
Elyvilon
Fedhas
Gozag
Kikubaaqudgha
Makhleb
Nemelex Xobeh
Okawaru
Qazlal
Ru
Sif Muna
Trog
Uskayaw
Vehumet
Wu Jian
Xom
Zin
The Shining One

Shops:
D:4 *


Innate Abilities, Weirdness & Mutations

You are a tree.
Your roots penetrate the ground, keeping you stationary.
You cannot be teleported.
You are immune to unholy pain and torment.
Your maximum health is greatly increased.
Your equipment is partially melded.
You are immune to sickness and miasma.
((Your stone body is resilient. (AC +7)))
You are immune to poison.
You resist negative energy. (rN+)
((You are resistant to electric shocks. (rElec)))
You are resistant to unholy torment.
You are immune to petrification.


Message History

The killer bee completely misses you.
The killer bee stings your +3 whip of the Shimmering Gods {spect, rC+ Str+3 Int+3} but does no damage.
The killer bee stings your +3 whip of the Shimmering Gods {spect, rC+ Str+3 Int+3}.
Your spectral weapon shares its damage with you!
* * * LOW HITPOINT WARNING * * *
Unknown command.
Really quaff the potion of lignification?
You turn into a tree.
Your +0 pair of boots melds into your body.
The +4 plate armour of Daisies {rN++} melds into your body.
Your roots penetrate the ground.
The killer bee stings you but does no damage.
The killer bee completely misses you. The killer bee barely misses you.
The troll bites you but does no damage.
The troll claws you but does no damage. x2
The killer bee stings you.
* * * LOW HITPOINT WARNING * * *
The killer bee stings you but does no damage. x2
The killer bee stings you.
* * * LOW HITPOINT WARNING * * *
You feel better.
The killer bee stings you but does no damage. x2
The killer bee stings you.
* * * LOW HITPOINT WARNING * * *
The killer bee stings you but does no damage.
The troll bites you.
* * * LOW HITPOINT WARNING * * *
The troll claws you.
* * * LOW HITPOINT WARNING * * *
The troll claws you but does no damage.
The killer bee stings you but does no damage. x4
Unknown command.
You hit the troll.
The troll is lightly wounded.
The killer bee stings you but does no damage.
The killer bee stings you.
* * * LOW HITPOINT WARNING * * *
The killer bee stings you but does no damage. x2
The troll bites you but does no damage. The troll claws you but does no damage.
The troll claws you!
You die...

#.............#..†..[..(.
#...........###..#.#.....
...###....###...........
.# ##.........#.#.....
#.#............###
#..............
....#...##.....
#..###.####...# #..
#y♣y.....# #. #yyT......
...y....... ..#<.........
## ##......... #.........
#...#..... ##.###....


You could see a troll and 5 killer bees.

Vanquished Creatures
  A deep elf pyromancer (D:9)
  Grinder (D:6)
  Prince Ribbit (D:8)
  A yak (D:9)
  A water moccasin (D:5)
  5 sky beasts
  2 black bears
  4 ice beasts
  An orc warrior (D:6)
  A wolf (D:9)
  2 centaurs
  2 phantoms (D:5)
  2 kobold brigands
  A bullfrog (D:6)
  A necrophage (D:5)
  A killer bee (D:9)
  3 howler monkeys
  2 jellies (D:5)
  An orc priest (D:4)
  2 hounds (D:5)
  4 iguanas
  Terence (D:2)
  An orc wizard (D:6)
  6 adders
  6 gnolls
  2 shadow imps
  3 white imps
  A howler monkey simulacrum (D:9)
  An ufetubus (D:6)
  A worm (D:4)
  4 dart slugs
  12 orcs
  6 ball pythons
  10 bats
  4 endoplasms
  4 giant cockroaches
  6 goblins
  5 hobgoblins
  4 jackals (D:2)
  8 kobolds
  2 quokkas
  6 frilled lizards
  10 rats
142 creatures vanquished.

Vanquished Creatures (others)
  6 plants (D:1)
6 creatures vanquished.

Grand Total: 148 creatures vanquished

Notes
Turn   | Place    | Note
-------+----------+-------------------------------------------
     0 | D:1      | rabbitsville the Gargoyle Hunter began the quest for the
                  | Orb.
     0 | D:1      | Reached XP level 1. HP: 12/12 MP: 1/1
    55 | D:1      | Reached XP level 2. HP: 18/18 MP: 2/2
   137 | D:1      | Found a faded altar of an unknown god.
   257 | D:1      | Reached XP level 3. HP: 22/22 MP: 3/3
   781 | D:2      | Noticed Terence
   789 | D:2      | Killed Terence
   790 | D:2      | Reached skill level 5 in Crossbows
   790 | D:2      | Reached XP level 4. HP: 15/28 MP: 4/4
  1346 | D:2      | Identified the +3 whip of the Shimmering Gods {spect, rC+
                  | Str+3 Int+3}
  1519 | D:3      | Reached XP level 5. HP: 31/32 MP: 5/5
  2069 | D:4      | Noticed an Executioner
  2070 | D:4      | Found a burning altar of Makhleb.
  2073 | D:4      | Found a glowing silver altar of Zin.
  2073 | D:4      | Noticed an angel
  2092 | D:4      | Reached skill level 6 in Crossbows
  2304 | D:4      | Found Anin's Elemental Accessories.
  2334 | D:4      | Reached XP level 6. HP: 28/37 MP: 6/6
  2410 | D:4      | Noticed a +0 dagger
  2410 | D:4      | Noticed a +0 short sword
  2410 | D:4      | Noticed a +0 falchion
  2411 | D:4      | Noticed a +0 spear
  2411 | D:4      | Noticed a +0 falchion
  2412 | D:4      | Noticed a +0 spear
  2412 | D:4      | Noticed a +0 short sword
  2414 | D:4      | Noticed a +0 dagger
  2500 | D:5      | Entered Level 5 of the Dungeon
  2712 | D:5      | Noticed a sky beast
  2731 | D:5      | Killed a sky beast
  2732 | D:5      | Reached skill level 7 in Crossbows
  2988 | D:5      | Reached XP level 7. HP: 41/41 MP: 7/7
  2999 | D:5      | Reached skill level 8 in Crossbows
  3051 | D:5      | Found a bloodstained altar of Trog.
  3053 | D:5      | Found a stormy altar of Qazlal.
  3122 | D:5      | Found a staircase to the Ecumenical Temple.
  3144 | Temple   | Entered the Ecumenical Temple
  3248 | Temple   | Became a worshipper of the Shining One
  3359 | D:5      | Reached skill level 1 in Invocations
  3631 | D:5      | Reached skill level 9 in Crossbows
  3833 | D:4      | Reached XP level 8. HP: 35/46 MP: 9/9
  4037 | D:4      | Found a hide-covered altar of Uskayaw.
  4362 | D:6      | Identified the +4 plate armour of Daisies {rN++}
  4406 | D:6      | Reached skill level 10 in Crossbows
  4436 | D:6      | Noticed Grinder
  4449 | D:6      | Paralysed by Grinder for 4 turns
  4463 | D:6      | Paralysed by Grinder for 7 turns
  4470 | D:6      | Killed Grinder
  4677 | D:6      | Reached XP level 9. HP: 51/51 MP: 12/12
  4862 | D:6      | Reached skill level 5 in Invocations
  4866 | D:6      | Reached skill level 11 in Crossbows
  5348 | D:7      | Reached * piety under the Shining One
  5946 | D:8      | Noticed Prince Ribbit
  5953 | D:9      | Noticed a deep elf pyromancer
  5981 | D:8      | Killed Prince Ribbit
  5982 | D:8      | Reached skill level 1 in Armour
  6101 | D:9      | Killed a deep elf pyromancer
  6102 | D:9      | Reached skill level 5 in Fighting
  6264 | D:9      | Reached XP level 10. HP: 42/59 MP: 15/15
  6427 | D:9      | Slain by a troll

Illustrated notes

Levels and vault maps discovered:
D:1:      beargit_arrival_greenhouse, layout_rooms,
          shapermc_ecumenical_altar_ellora, serial_bayou_lagoon_b
D:2:      layout_basic, uniq_terence
D:3:      layout_basic
D:4:      layout_rooms, grunt_temple_overflow_order_and_chaos_2,
          nicolae_uskayaw_en_pointe, skrybe_limestone_x, nicolae_elemental_shop,
          minmay_misc_feat_encased
D:5:      layout_basic, jmf_multi_god_temple, temple_fountains
D:6:      layout_cave_pools, uniq_grinder
D:7:      layout_basic
D:8:      layout_cave_pools, kennysheep_mini, serial_shops,
          kennysheep_little_box, eino_tiny_chamber, small_chamber_with_monster,
          minmay_starry_boxes, uniq_prince_ribbit1
D:9:      layout_cave_pools, serial_ice, serial_ice_e, serial_ice_b,
          serial_ice_m, serial_ice_k, serial_ice_g, serial_ice_h, serial_ice_d,
          hangedman_decor_opposing, serial_bayou_pond_d,
          nicolae_shop_overcharged_wands
Temple:   nicolae_temple_elliptical

Skill      XL: |  1  2  3  4  5  6  7  8  9 10 |
---------------+-------------------------------+-----
Fighting       | 3 5 |  5.6
Crossbows      | 5 6 7 9 10 11 | 11.3
Invocations    | 2 4 7 |  7.3
Armour         | 3 4 |  4.4
Dodging        | |  1.5
Stealth        | |  1.1

Action                   |  1- 3 |  4- 6 |  7- 9 | 10-12 || total
-------------------------+-------+-------+-------+-------++-------
Melee: Whip              |       |    16 |   141 |    16 ||   173
       Punch             |       |     1 |       |       ||     1
 Fire: Hand crossbow     |    94 |   151 |    99 |     3 ||   347
  Use: Potion            |       |       |     2 |     2 ||     4
       Scroll            |       |       |     2 |       ||     2
Armor: Leather armour    |     9 |    39 |    28 |       ||    76
       Plate armour      |       |       |    84 |    29 ||   113
       Skin              |       |       |     1 |    19 ||    20
Dodge: Dodged            |    14 |    45 |    64 |    17 ||   140

Table legend: (Time is in decaauts)
 A = Elapsed time spent in this place.
 B = Non-inter-level travel time spent in this place.
 C = Inter-level travel time spent in this place.
 D = Time resting spent in this place.
 E = Time spent auto-exploring this place.
 F = Levels seen in this place.
 G = Mean time per level.
                   A        B        C        D        E       F      G
               +--------+--------+--------+--------+--------+-----+--------+
         Total |   6545 |   6223 |    322 |    974 |   3887 |  10 |  654.5 |
       Dungeon |   6402 |   6099 |    303 |    974 |   3788 |   9 |  711.3 |
        Temple |    142 |    123 |     19 |      0 |     99 |   1 |  142.0 |
               +--------+--------+--------+--------+--------+-----+--------+

Top non-repeatable levels by time:
     D:5: 1297 daAuts
     D:2: 921 daAuts
     D:4: 832 daAuts
     D:6: 804 daAuts
     D:7: 777 daAuts
     D:1: 615 daAuts
     D:3: 568 daAuts
     D:9: 343 daAuts
     D:8: 241 daAuts
  Temple: 142 daAuts
